BR (22 & UNDER)
INDIAN HILLS VOODOO @ QUINCY DOUGHBOYS
07/23/2030
 
TOP OF THE 1ST
Indian Hills Voodoo batting - Pitching for Quincy Doughboys : RHP Juan Negrón
Pitching: RHP Juan Negrón
Batting: LHB Dave Wilkinson 0-0: Swinging Strike
0-1: Foul Ball, location: 2F
0-2: Foul Ball, location: 2F
0-2: SINGLE (Line Drive, 4MD)
Batting: RHB Juan Romero 0-0: Ball
1-0: Ball
2-0: 2-RUN HOME RUN (Line Drive, 9LD), Distance : 348 ft
Batting: RHB Dan Hart 0-0: Ball
1-0: Ball
2-0: Fly out, F7 (Flyball, 7S)
Batting: RHB Dave Cooke 0-0: Called Strike
0-1: Called Strike
0-2: Ball
1-2: Ball
2-2: Foul Ball, location: 2F
2-2: Foul Ball, location: 2F
2-2: Ball
3-2: Ground out 6-3 (Groundball, 6)
Batting: RHB Alejandro Dalumba 0-0: Called Strike
0-1: Ball
1-1: Ball
2-1: Called Strike
2-2: Foul Ball, location: 2F
2-2: Ground out 6-3 (Groundball, 6)
Top of the 1st over - 2 runs, 2 hits, 0 errors, 0 left on base; Indian Hills 2 - Quincy 0
BOTTOM OF THE 1ST
Quincy Doughboys batting - Pitching for Indian Hills Voodoo : RHP Mario Morán
Pitching: RHP Mario Morán
Batting: LHB Esteban Pérez 0-0: Ball
1-0: Foul Ball, location: 2F
1-1: Ball
2-1: Ball
3-1: Base on Balls
Batting: LHB Rob Johnson 0-0: Ball
1-0: Ball
2-0: Ground out 4-3 (Groundball, 34)
Esteban Pérez to second
Batting: RHB Geoff Rainey 0-0: Called Strike
0-1: Called Strike
0-2: Foul Ball, location: 2F
0-2: Ball
1-2: Strikes out looking
Batting: RHB Luis Díaz 0-0: Fly out, F7 (Flyball, 7LD)
Bottom of the 1st over - 0 runs, 0 hits, 0 errors, 1 left on base; Indian Hills 2 - Quincy 0
TOP OF THE 2ND
Indian Hills Voodoo batting - Pitching for Quincy Doughboys : RHP Juan Negrón
Batting: RHB Ramón López 0-0: Called Strike
0-1: Ball
1-1: Foul Ball, location: 2F
1-2: Fly out, F7 (Flyball, 78M)
Batting: RHB Jake Holmes 0-0: Foul Ball, location: 2F
0-1: Swinging Strike
0-2: Ground out 6-3 (Groundball, 56)
Batting: LHB Steve Jones 0-0: Called Strike
0-1: Foul Ball, location: 2F
0-2: Fly out, F9 (Line Drive, 9D)
Top of the 2nd over - 0 runs, 0 hits, 0 errors, 0 left on base; Indian Hills 2 - Quincy 0
BOTTOM OF THE 2ND
Quincy Doughboys batting - Pitching for Indian Hills Voodoo : RHP Mario Morán
Batting: RHB Reggie Snyder 0-0: Swinging Strike
0-1: Fly out, F6 (Popup, 6M)
Batting: LHB Raúl García 0-0: Called Strike
0-1: Foul Ball, location: 2F
0-2: Strikes out swinging
Batting: RHB Steve Cooper 0-0: Hit by Pitch
Batting: LHB Ramón Quintanilla 0-0: Ball
1-0: Fly out, F8 (Flyball, 8LM)
Bottom of the 2nd over - 0 runs, 0 hits, 0 errors, 1 left on base; Indian Hills 2 - Quincy 0
TOP OF THE 3RD
Indian Hills Voodoo batting - Pitching for Quincy Doughboys : RHP Juan Negrón
Batting: RHB Miguel Scallini 0-0: Ball
1-0: Fly out, F9 (Flyball, 89D)
Batting: LHB Dave Wilkinson 0-0: Called Strike
0-1: Fly out, F8 (Flyball, 8RM)
Batting: RHB Juan Romero 0-0: Called Strike
0-1: Ball
1-1: Foul Ball, location: 2F
1-2: Fly out, F8 (Flyball, 8RD)
Top of the 3rd over - 0 runs, 0 hits, 0 errors, 0 left on base; Indian Hills 2 - Quincy 0
BOTTOM OF THE 3RD
Quincy Doughboys batting - Pitching for Indian Hills Voodoo : RHP Mario Morán
Batting: RHB Ben Williams 0-0: Ball
1-0: Called Strike
1-1: Ball
2-1: Foul Ball, location: 2F
2-2: Foul Ball, location: 2F
2-2: DOUBLE (Line Drive, 89M)
Batting: LHB Esteban Pérez 0-0: Called Strike
0-1: Ball
1-1: Ball
2-1: Called Strike
2-2: Ball
3-2: SINGLE (Line Drive, 8RS)
Ben Williams to third
Batting: LHB Rob Johnson 0-0: Ball
1-0: Ball
Throwing error on steal attempt, E2
Ben Williams scores
Esteban Pérez to third
2-0: Ball
3-0: Called Strike
3-1: Base on Balls
Batting: RHB Geoff Rainey 0-0: Ball
1-0: Swinging Strike
1-1: Ball
2-1: Fly out, F9 (Flyball, 9)
Runner from 3rd tags up, SCORES, throw made
Batting: RHB Luis Díaz 0-0: Called Strike
0-1: Ball
1-1: Foul Ball, location: 2F
1-2: Fielders Choice at 2nd, 4-6 (Groundball, 4)
Batting: RHB Reggie Snyder 0-0: Ball
1-0: Called Strike
1-1: Ball
2-1: Ground out 3-1 (Groundball, 34S)
Bottom of the 3rd over - 2 runs, 2 hits, 1 error, 1 left on base; Indian Hills 2 - Quincy 2
TOP OF THE 4TH
Indian Hills Voodoo batting - Pitching for Quincy Doughboys : RHP Juan Negrón
Batting: RHB Dan Hart 0-0: Ball
1-0: Ball
2-0: Ball
3-0: Called Strike
3-1: Foul Ball, location: 2F
3-2: Foul Ball, location: 2F
3-2: Foul Ball, location: 2F
3-2: Base on Balls
Batting: RHB Dave Cooke 0-0: Called Strike
0-1: Ball
1-1: Ball
2-1: Foul Ball, location: 2F
2-2: Fly out, F7 (Flyball, 7LS)
Batting: RHB Alejandro Dalumba 0-0: Ball
1-0: Ball
2-0: SINGLE (Line Drive, 6M)
Dan Hart to second
Batting: RHB Ramón López 0-0: Ball
1-0: Ball
2-0: Foul Ball, location: 2F
2-1: Fielders Choice at 2nd, 4-6 (Groundball, 34)
Dan Hart to third
Batting: RHB Jake Holmes 0-0: Called Strike
0-1: Ball
1-1: SINGLE (Flyball, 9S)
Dan Hart scores
Ramón López to second
Runner from 2nd tries for 3rd, SAFE, throw made to third
Batting: LHB Steve Jones 0-0: Ball
1-0: Ball
2-0: Foul Ball, location: 2F
2-1: Called Strike
2-2: Foul Ball, location: 2F
2-2: Fly out, F7 (Line Drive, 7)
Top of the 4th over - 1 run, 2 hits, 0 errors, 2 left on base; Indian Hills 3 - Quincy 2
BOTTOM OF THE 4TH
Quincy Doughboys batting - Pitching for Indian Hills Voodoo : RHP Mario Morán
Batting: LHB Raúl García 0-0: Ground out 4-3 (Groundball, 4)
Batting: RHB Steve Cooper 0-0: Called Strike
0-1: Ball
1-1: Ball
2-1: Swinging Strike
2-2: Strikes out looking
Batting: LHB Ramón Quintanilla 0-0: Called Strike
0-1: Ball
1-1: Foul Ball, location: 2F
1-2: Foul Ball, location: 2F
1-2: Strikes out looking
Bottom of the 4th over - 0 runs, 0 hits, 0 errors, 0 left on base; Indian Hills 3 - Quincy 2
TOP OF THE 5TH
Indian Hills Voodoo batting - Pitching for Quincy Doughboys : RHP Juan Negrón
Batting: RHB Miguel Scallini 0-0: Ball
1-0: Called Strike
1-1: Ball
2-1: Ball
3-1: Base on Balls
Batting: LHB Dave Wilkinson 0-0: Ball
1-0: Called Strike
1-1: Ball
2-1: 2-RUN HOME RUN (Flyball, 9D), Distance : 372 ft
Batting: RHB Juan Romero 0-0: Fly out, F4 (Popup, 4)
Batting: RHB Dan Hart 0-0: SINGLE (Groundball, 56D)
Pitching: RHP Tony Navarro
Batting: RHB Dave Cooke 0-0: Ball
1-0: Called Strike
1-1: Foul Ball, location: 2F
1-2: Ball
2-2: Fly out, F7 (Flyball, 7)
Batting: RHB Alejandro Dalumba 0-0: Swinging Strike
0-1: DOUBLE (Line Drive, 7LM)
Dan Hart to third
Batting: RHB Ramón López 0-0: Intentional Walk
Batting: RHB Jake Holmes 0-0: Ball
1-0: Swinging Strike
1-1: Ball
2-1: SINGLE (Line Drive, 8RS)
Dan Hart scores
Alejandro Dalumba to third
Ramón López to second
Batting: LHB Steve Jones 0-0: Called Strike
0-1: Foul Ball, location: 2F
0-2: Foul Ball, location: 2F
0-2: Ground out 4-3 (Groundball, 4)
Top of the 5th over - 3 runs, 4 hits, 0 errors, 3 left on base; Indian Hills 6 - Quincy 2
BOTTOM OF THE 5TH
Quincy Doughboys batting - Pitching for Indian Hills Voodoo : RHP Mario Morán
Batting: RHB Ben Williams 0-0: Ball
1-0: Called Strike
1-1: Foul Ball, location: 2F
1-2: Ball
2-2: Strikes out swinging
Batting: LHB Esteban Pérez 0-0: Ball
1-0: SINGLE (Line Drive, 34)
Batting: LHB Rob Johnson 0-0: Ball
1-0: Grounds into double play, 4-6-3 (Groundball, 4)
Bottom of the 5th over - 0 runs, 1 hit, 0 errors, 0 left on base; Indian Hills 6 - Quincy 2
TOP OF THE 6TH
Indian Hills Voodoo batting - Pitching for Quincy Doughboys : RHP Tony Navarro
Batting: RHB Miguel Scallini 0-0: Foul Ball, location: 2F
0-1: Foul Ball, location: 2F
0-2: Strikes out swinging
Batting: LHB Dave Wilkinson 0-0: Foul Ball, location: 2F
0-1: Ball
1-1: Foul Ball, location: 2F
1-2: Foul Ball, location: 2F
1-2: Ball
2-2: Strikes out swinging
Batting: RHB Juan Romero 0-0: Ball
1-0: Fly out, F3 (Flyball, 3DF)
Top of the 6th over - 0 runs, 0 hits, 0 errors, 0 left on base; Indian Hills 6 - Quincy 2
BOTTOM OF THE 6TH
Quincy Doughboys batting - Pitching for Indian Hills Voodoo : RHP Mario Morán
Batting: RHB Geoff Rainey 0-0: Swinging Strike
0-1: Swinging Strike
0-2: Foul Ball, location: 2F
0-2: Ball
1-2: TRIPLE (Line Drive, 89XD)
Batting: RHB Luis Díaz 0-0: Ball
1-0: Called Strike
1-1: Ball
2-1: Foul Ball, location: 2F
2-2: Ground out 6-3 (Groundball, 56)
Geoff Rainey scores
Batting: RHB Reggie Snyder 0-0: Called Strike
0-1: Ball
1-1: Foul Ball, location: 2F
1-2: Ball
2-2: Ground out 4-3 (Groundball, 4)
Batting: LHB Raúl García 0-0: Foul Ball, location: 2F
0-1: Swinging Strike
0-2: SINGLE (Flyball, 9S)
Batting: RHB Steve Cooper 0-0: Swinging Strike
0-1: Foul Ball, location: 2F
0-2: Ball
Raúl García is caught stealing 2nd base
Bottom of the 6th over - 1 run, 2 hits, 0 errors, 0 left on base; Indian Hills 6 - Quincy 3
TOP OF THE 7TH
Indian Hills Voodoo batting - Pitching for Quincy Doughboys : RHP Tony Navarro
Pitching: LHP Ánibal Ávila
Batting: RHB Dan Hart 0-0: Called Strike
0-1: Ball
1-1: Called Strike
1-2: Ball
2-2: Ground out 1-3 (Groundball, 13S)
Batting: RHB Dave Cooke 0-0: Ball
1-0: Ball
2-0: Ball
3-0: Called Strike
3-1: Fly out, F4 (Popup, 3D)
Batting: RHB Alejandro Dalumba 0-0: Ball
1-0: Fly out, F8 (Line Drive, 8LD)
Top of the 7th over - 0 runs, 0 hits, 0 errors, 0 left on base; Indian Hills 6 - Quincy 3
BOTTOM OF THE 7TH
Quincy Doughboys batting - Pitching for Indian Hills Voodoo : RHP Mario Morán
Batting: RHB Steve Cooper 0-0: Foul Ball, location: 2F
0-1: Swinging Strike
0-2: Ball
1-2: Ball
2-2: Fly out, F4 (Line Drive, 4)
Batting: LHB Ramón Quintanilla 0-0: Called Strike
0-1: Ball
1-1: Called Strike
1-2: Ground out 6-3 (Groundball, 4M)
Batting: RHB Ben Williams 0-0: Ball
1-0: Ground out 4-3 (Groundball, 4)
Bottom of the 7th over - 0 runs, 0 hits, 0 errors, 0 left on base; Indian Hills 6 - Quincy 3
TOP OF THE 8TH
Indian Hills Voodoo batting - Pitching for Quincy Doughboys : LHP Ánibal Ávila
Batting: RHB Ramón López 0-0: Ground out 6-3 (Groundball, 6M)
Batting: RHB Jake Holmes 0-0: Reached on error, E5 (Groundball, 56S)
Batting: LHB Steve Jones 0-0: Called Strike
0-1: Ball
1-1: Foul Ball, location: 2F
1-2: Ball
2-2: Fly out, F8 (Line Drive, 78M)
Batting: RHB Miguel Scallini 0-0: Called Strike
0-1: Foul Ball, location: 2F
0-2: Foul Ball, location: 2F
0-2: Ball
Jake Holmes is caught stealing 2nd base
Top of the 8th over - 0 runs, 0 hits, 1 error, 0 left on base; Indian Hills 6 - Quincy 3
BOTTOM OF THE 8TH
Quincy Doughboys batting - Pitching for Indian Hills Voodoo : RHP Mario Morán
Pitching: RHP Bob Wright
Batting: LHB Esteban Pérez 0-0: SINGLE (Groundball, 6MD)
Batting: LHB Rob Johnson 0-0: Called Strike
0-1: Ball
1-1: Ball
2-1: Ball
3-1: Base on Balls
Esteban Pérez to second
Batting: RHB Geoff Rainey 0-0: Ball
1-0: Ball
Passed Ball!
Esteban Pérez to third
Rob Johnson to second
2-0: Foul Ball, location: 2F
2-1: Single, Error in OF, E7, batter to second base
Esteban Pérez scores
Rob Johnson scores
Pitching: RHP Lou Jaramillo
Batting: RHB Luis Díaz 0-0: Ball
1-0: Ball
2-0: Called Strike
2-1: Ball
3-1: Base on Balls
Pinch Runner at 2nd Ben Martin:
Pinch Hitting: LHB José Martínez 0-0: Called Strike
0-1: Fielders Choice at 2nd, 1-6 (Groundball, 13)
Ben Martin to third
Batting: LHB Raúl García 0-0: Ball
1-0: Fly out, F4 (Line Drive, 34)
Batting: RHB Steve Cooper 0-0: Ball
1-0: Fielders Choice at 2nd, 6-4 (Groundball, 6)
Bottom of the 8th over - 2 runs, 2 hits, 1 error, 2 left on base; Indian Hills 6 - Quincy 5
TOP OF THE 9TH
Indian Hills Voodoo batting - Pitching for Quincy Doughboys : LHP Ánibal Ávila
Now at 2B: Ben Martin
Now in RF: José Martínez
Batting: RHB Miguel Scallini 0-0: Ball
1-0: Called Strike
1-1: Fly out, F8 (Flyball, 8RD)
Batting: LHB Dave Wilkinson 0-0: Called Strike
0-1: Ball
1-1: Ball
2-1: Foul Ball, location: 2F
2-2: Foul Ball, location: 2F
2-2: Ball
3-2: Foul Ball, location: 2F
3-2: Base on Balls
Pinch Hitting: RHB Jon Bush 0-0: Swinging Strike
0-1: Ball
1-1: Swinging Strike
1-2: Strikes out swinging
Batting: RHB Dan Hart 0-0: Called Strike
0-1: Called Strike
0-2: Ball
1-2: Ball
2-2: SINGLE (Groundball, 6MD) (infield hit)
Dave Wilkinson to second
Batting: RHB Dave Cooke 0-0: Called Strike
0-1: Foul Ball, location: 2F
0-2: Ball
1-2: Ball
2-2: Fly out, F5 (Flyball, 5D)
Top of the 9th over - 0 runs, 1 hit, 0 errors, 2 left on base; Indian Hills 6 - Quincy 5
BOTTOM OF THE 9TH
Quincy Doughboys batting - Pitching for Indian Hills Voodoo : RHP Lou Jaramillo
Pitching: LHP Juan Carlos García
Now at 1B: Ernesto Reyes
Now at 2B: Jon Bush
Pinch Hitting: RHB Juan Pérez 0-0: Called Strike
0-1: Fly out, F8 (Flyball, 8LM)
Pinch Hitting: RHB Blair Charnock 0-0: Swinging Strike
0-1: Foul Ball, location: 2F
0-2: Ground out 4-3 (Groundball, 34)
Pinch Hitting: RHB Donzel Beduzzi 0-0: Swinging Strike
0-1: SINGLE (Line Drive, 56)
Pinch Runner at 1st Tom Rose:
Batting: LHB Rob Johnson 0-0: Foul Ball, location: 2F
0-1: Foul Ball, location: 2F
0-2: Ball
1-2: Ball
2-2: Fly out, F6 (Popup, 6)
Bottom of the 9th over - 0 runs, 1 hit, 0 errors, 1 left on base; Indian Hills 6 - Quincy 5
Saturday, April 7th, 2018 - OOTP Baseball 18.8 Build 76